AoeStats
← AiM | Natural Killer

Arabia

508691284Analyzed
1v1 RM · 10d ago on Sep 23, 2026· 23m 5s· 2 players
Game mode
Random Map
Map size
Tiny (2 player)
Population
200
Speed
Normal
Resources
Standard
Victory
Conquest
Starting age
Dark Age
Ending age
Imperial Age
RankedLock teamsTeams togetherTeam positionsShared explorationLock speedFull tech treeHidden civsTurbo modeCheats
Victory
Defeat
1609
+14
🇺🇸 Mongols · United States
1573
-14
Gush
6:39 Loom
8:58 Feudal Age
9:24 Man-at-Arms
16:33 Double-Bit Axe
22:00 Castle Age
21:02 Fletching
21:13 Padded Archer Armor
AiM | Natural Killer
6:31 Loom
8:57 Feudal Age
9:02 Man-at-Arms
16:03 Fletching
17:46 Arson
19:13 Forging
21:35 Wheelbarrow
21:06 Scale Mail Armor
Connection lost

Rejoining the realm…

Still unreachable

The connection could not be restored.

Session expired

The server has moved on; the page needs a fresh start.